 Dungeon Crawl Stone Soup version 0.26-a0-651-gb41185065b (webtiles) character file.

Game seed: 81908628087663324

392 kae the Ruffian (level 6, -6/52 HPs)
             Began as a Draconian Transmuter on Sept 30, 2020.
             Killed from afar by an orc wizard (7 damage)
             ... with a magic dart
             ... on level 3 of the Dungeon.
             The game lasted 00:03:44 (3137 turns).

kae the Ruffian (Draconian Transmuter)              Turns: 3137, Time: 00:03:44

Health: -6/52      AC:  2    Str: 14    XL:     6   Next: 50%
Magic:  4/9        EV: 34    Int: 13    God:
Gold:   141        SH:  0    Dex: 17    Spells: 3/9 levels left

rFire    . . .     SeeInvis .     - Unarmed
rCold    . . .     Faith    .   (shield currently unavailable)
rNeg     . . .     Spirit   .   (armour unavailable)
rPois    x         Reflect  .   (helmet currently unavailable)
rElec    .         Harm     .   (cloak currently unavailable)
rCorr    .         Rampage  .   (gloves currently unavailable)
MR       .....                  (boots currently unavailable)
Stlth    ++........             c - amulet of the acrobat
HPRegen  0.17/turn              (no ring)
MPRegen  0.11/turn              (no ring)

@: spider-form (expiring), acrobat
A: tiny, unfitting armour, AC +6
a: End Transformation


You were on level 3 of the Dungeon.
You were a venomous arachnid creature.
You visited 1 branch of the dungeon, and saw 3 of its levels.
You also visited: Sewer.

You collected 141 gold pieces.

Inventory:

Hand Weapons
 g - a +0 hand axe (melded)
Jewellery
 c - an amulet of the acrobat (around neck)
Wands
 f - a wand of enslavement (7)
Scrolls
 b - 3 scrolls of remove curse
 i - a scroll of teleportation
Potions
 d - 2 potions of lignification
 e - 4 potions of cancellation
 h - a potion of berserk rage {unknown}
 j - a potion of flight


   Skills:
 + Level 3.6 Fighting
 - Level 1.7 Dodging
 * Level 5.6 Unarmed Combat
 - Level 2.0 Spellcasting
 + Level 3.8 Transmutations


You had 3 spell levels left.
You knew the following spells:

 Your Spells              Type           Power        Failure   Level
a - Beastly Appendage     Tmut           ##....       16%         1
b - Wereblood             Tmut           ##......     22%         2
c - Spider Form           Tmut/Pois      #.........   56%         3

Your spell library contained the following spells:

 Spells                   Type           Power        Failure   Level
 Ice Form                 Ice/Tmut       #.......     89%         4
 Blade Hands              Tmut           ##........   94%         5


Dungeon Overview and Level Annotations

Branches:
Dungeon (3/15)              Sewer (visited)

Altars:
Okawaru

Annotations:
D:2 1 runed translucent door, Crazy Yiuf


Innate Abilities, Weirdness & Mutations

((Your plain brown scales are hard. (AC +6)))
You cannot fit into any form of body armour.
((You are cold-blooded and may be slowed by cold attacks.))


Message History

An orc priest comes into view. It is wielding a +0 club.
The orc priest shouts!
The orc wizard casts a spell at you. The magic dart hits you!
The orc priest calls down the wrath of Beogh upon you.
Beogh smites you!
* * * LOW HITPOINT WARNING * * *
Your magical contamination has completely faded away.
You feel sick.
You are no longer poisoned.
The orc wizard points at you and mumbles some strange words.
The magic dart hits you!
* * * LOW HITPOINT WARNING * * *
The orc priest looks satisfied for a moment.
Things that are here:
a +0 dagger; a +0 robe; an orc corpse
Okay, then.
The orc wizard casts a spell at you. The magic dart hits you!
You die...

#≈≈#≈≈≈#≈.# #.≈#≈≈≈#≈≈#
#≈≈...##≈≈## ##...###≈≈.#
##### ##..# ## #. #..# .# #
#o###o### #.###.#
#.########...>.).# #.#...##
.........#####.#s# #......##
##.....## #.#.###.......#
##.......## #....(...÷....#
##.........#####.###.......#
...........((.............##
##....(......##<..##.#...##
..........##....#.....####
..........##.##...##..#
###........#..........#


You could see an orc priest and an orc wizard.

Vanquished Creatures
  2 bullfrogs (Sewer)
  An orc wizard (D:3)
  5 adders
  14 oozes
  A worm (D:2)
  3 dart slugs
  17 leopard geckos
  9 ball pythons (Sewer)
  6 bats
  16 giant cockroaches
  9 goblins
  3 hobgoblins
  2 jackals (D:1)
  16 frilled lizards
  9 kobolds
  3 rats
116 creatures vanquished.

Notes
Turn   | Place    | Note
-------+----------+-------------------------------------------
     0 | D:1      | kae the Draconian Transmuter began the quest for the Orb.
     0 | D:1      | Reached XP level 1. HP: 16/16 MP: 3/3
   211 | D:1      | Reached XP level 2. HP: 20/23 MP: 5/5
   352 | D:1      | Learned a level 2 spell: Wereblood
  1006 | D:2      | Reached XP level 3. HP: 29/29 MP: 4/6
  1287 | D:2      | Reached skill level 4 in Unarmed Combat
  1401 | D:2      | Reached XP level 4. HP: 34/36 MP: 5/7
  1434 | D:2      | Found a runed translucent door.
  1435 | D:2      | Noticed Crazy Yiuf
  1497 | D:2      | Found an iron altar of Okawaru.
  1619 | D:3      | Learned a level 3 spell: Spider Form
  1720 | D:3      | Found a glowing drain.
  1748 | Sewer    | Entered a sewer
  1863 | Sewer    | Noticed a bullfrog
  1863 | Sewer    | Noticed a bullfrog
  1882 | Sewer    | Reached XP level 5. HP: 33/42 MP: 6/8
  2378 | Sewer    | Reached skill level 5 in Unarmed Combat
  2499 | Sewer    | Reached XP level 6. HP: 45/51 MP: 5/9
  3136 | D:3      | HP: 1/52 [orc wizard/magic dart (9)]
  3137 | D:3      | Killed from afar by an orc wizard

Illustrated notes

Levels and vault maps discovered:
D:1:      co_arrival_square_in_a_square_in_a_square, layout_basic
D:2:      layout_rooms, okawaru_metal_pillars_1_2, eino_curves_02,
          uniq_crazy_yiuf_cottage
D:3:      layout_loops_ring, xom_redecorated, gup_sewer_entry_pipe,
          chequers_serial_rivers_room_a

Skill      XL: |  1  2  3  4  5 |
---------------+----------------+-----
Fighting       | 2 3 |  3.6
Unarmed Combat | 4 5 |  5.6
Transmutations | 3 |  3.8
Dodging        | |  1.7
Spellcasting   | |  2.0

Action                   |  1- 3 |  4- 6 || total
-------------------------+-------+-------++-------
Melee: Unarmed           |    69 |    22 ||    91
       Headbutt          |    12 |     9 ||    21
       Kick              |    18 |     9 ||    27
       Tailslap          |     8 |    21 ||    29
       Punch             |     3 |     1 ||     4
       Hand axe          |    40 |   218 ||   258
 Cast: Beastly Appendage |    22 |    18 ||    40
       Wereblood         |     1 |     6 ||     7
       Spider Form       |       |     3 ||     3
  Use: Scroll            |     2 |     7 ||     9
       Potion            |       |     2 ||     2
Armor: Skin              |    35 |   142 ||   177
Dodge: Dodged            |   105 |   280 ||   385

Table legend: (Time is in decaauts)
 A = Elapsed time spent in this place.
 B = Non-inter-level travel time spent in this place.
 C = Inter-level travel time spent in this place.
 D = Time resting spent in this place.
 E = Time spent auto-exploring this place.
 F = Levels seen in this place.
 G = Mean time per level.
                   A        B        C        D        E       F      G
               +--------+--------+--------+--------+--------+-----+--------+
         Total |   3328 |   3308 |     20 |    430 |   1943 |   4 |  832.0 |
       Dungeon |   1828 |   1808 |     20 |      6 |   1321 |   3 |  609.3 |
         Sewer |   1500 |   1500 |      0 |    424 |    622 |   1 | 1500.0 |
               +--------+--------+--------+--------+--------+-----+--------+

Top non-repeatable levels by time:
   Sewer: 1500 daAuts
     D:1: 996 daAuts
     D:2: 622 daAuts
     D:3: 209 daAuts
